 Dungeon Crawl Stone Soup version 0.16-a0-1982-g8124c91 (webtiles) character file.

3080 timbw the Cleaver (level 9, -3/79 HPs)
             Began as a Minotaur Berserker on Nov 8, 2014.
             Was an Elder of Trog.
             Slain by a wyvern (7 damage)
             ... on level 10 of the Dungeon.
             The game lasted 00:09:59 (1739 turns).

timbw the Cleaver (Minotaur Berserker)              Turns: 1739, Time: 00:09:59

Health: -3/79      AC: 13    Str: 22    XL:     9   Next: 58%
Magic:  4/4        EV:  7    Int:  4    God:    Trog [****..]
Gold:   118        SH:  0    Dex: 13    Spells: 0 memorised, 8 levels left

rFire  . . .     SeeInvis .     q - +0 battleaxe
rCold  . . .     Clarity  .     n - +1 chain mail
rNeg   + . .     SustAb   .     (no shield)
rPois  .         Gourm    .     (helmet restricted)
rElec  .         Spirit   .     (no cloak)
rCorr  .         Warding  .     w - +1 pair of gloves
rMut   .         Stasis   .     (no boots)
MR     ++...                    (no amulet)
Stlth  ..........               i - ring of positive energy (curse)
                                f - ring of flight

@: lethally poisoned, regenerating, very resistant to hostile enchantments,
extremely unstealthy
A: retaliatory headbutt, horns 2
a: Burn Spellbooks, Berserk, Trog's Hand, Brothers in Arms, Renounce Religion,
Evoke Flight


You were on level 10 of the Dungeon.
You worshipped Trog.
Trog was greatly pleased with you.
You were hungry.

You visited 1 branch of the dungeon, and saw 10 of its levels.
You also visited: Ossuary.

You collected 118 gold pieces.

Inventory:

Hand weapons
 a - a +0 hand axe
 q - a +0 battleaxe (weapon)
Missiles
 o - 2 throwing nets (quivered)
Armour
 b - a cursed +0 animal skin
 n - a +1 chain mail (worn)
 r - a cursed ice dragon hide
 w - a +1 pair of gloves (worn)
 y - a troll hide
Jewellery
 d - an uncursed ring of teleportation
 f - a ring of flight (left hand)
 i - a cursed ring of positive energy (right hand)
Magical devices
 t - a wand of slowing (23)
 z - a wand of cold (10)
 A - a wand of flame (9)
Scrolls
 k - 3 scrolls of remove curse
 s - a scroll of noise
Potions
 e - a potion of restore abilities
 g - a potion of confusion {unknown}
 h - a potion of agility {unknown}
 p - 2 potions of invisibility
 u - a potion of resistance {unknown}
 v - a potion of magic
Comestibles
 c - 2 bread rations
 j - 2 slices of pizza
 l - 3 meat rations
 m - a beef jerky
 x - 2 chunks of flesh


   Skills:
 + Level 7.2 Fighting
 * Level 12.3 Axes
 + Level 6.5 Armour
 + Level 5.9 Dodging


You had 8 spell levels left.
You didn't know any spells.

Dungeon Overview and Level Annotations

Branches:
Dungeon (10/15)
 Temple: D:4-7         Lair: D:8-11         Orc: D:9-12

Altars:
Fedhas
Trog


Innate Abilities, Weirdness & Mutations

You reflexively headbutt those who attack you in melee.
You have a pair of horns on your head.


Message History

You hit the centaur.
The centaur is lightly wounded.
You hit the bush.
The bush is lightly damaged.
You barely miss the wyvern.
You feel very sick. The wyvern bites you.
* * * LOW HITPOINT WARNING * * *
The centaur unwields an uncursed shortbow.
The centaur hits you.
* * * LOW HITPOINT WARNING * * *
The wyvern bites you!
* * * LOW HITPOINT WARNING * * *
The centaur hits you but does no damage.
Drink which item? (? for menu, Esc to quit)
Magic courses through your body.
It was a potion of magic.
You feel sick.
The wyvern bites you but does no damage.
The centaur hits you but does no damage.
The wyvern bites you!
You die...

.PPPP....PP.≈≈≈≈≈≈≈≈....
............≈≈≈≈≈≈≈≈≈≈≈≈≈
......♣P...P..≈≈≈≈≈≈≈≈≈≈≈
♣♣P.♣♣♣♣♣♣♣♣....≈≈≈≈≈≈≈≈≈
♣♣P.♣ ♣♣P.(≈≈≈≈≈≈≈≈≈≈
♣♣P. ♣♣♣.((.....).≈ ♣P
♣♣(......... ♣(.♣♣.PP..
♣@P♣ ♣♣ P ♣Dc.♣ #...♣
#...♣ ..#.# .#### #


You could see a wyvern and a centaur.

Vanquished Creatures
  A troll (D:9)
  Grinder (D:4)
  8 yaks (D:10)
  A hog (D:10)
  2 necrophages (D:8)
  2 sky beasts (D:9)
  An ogre (D:7)
  Duvessa (D:4)
  2 elf zombies (Ossuary)
  A wight (D:8)
  A scorpion (D:8)
  An electric eel (D:10)
  An orc priest (D:10)
  A hound (D:8)
  A goliath beetle (D:8)
  2 centaur zombies (Ossuary)
  A jelly (D:7)
  3 orc wizards
  A worker ant (D:6)
  5 sheep (D:10)
  2 big kobold zombies (Ossuary)
  3 mummies
  3 adders
  A shadow imp (D:7)
  A giant mite (D:4)
  An iguana skeleton (D:7)
  An adder zombie (Ossuary)
  An ooze (D:3)
  7 orcs
  3 ball pythons
  2 giant cockroaches
  6 goblins
  5 hobgoblins
  2 quokkas
  9 bats
  A giant gecko (D:4)
  2 giant newts
  A goblin zombie (Ossuary)
  A hobgoblin skeleton (D:9)
  8 hobgoblin zombies (Ossuary)
  A jackal skeleton (D:9)
  A jackal zombie (Ossuary)
  2 kobolds
  12 kobold zombies (Ossuary)
  An orc skeleton (D:7)
  8 orc zombies (Ossuary)
  11 rats
  3 plants (D:10)
136 creatures vanquished.

Notes
Turn   | Place    | Note
--------------------------------------------------------------
     0 | D:1      | timbw, the Minotaur Berserker, began the quest for the Orb.
     0 | D:1      | Reached XP level 1. HP: 19/19 MP: 1/1
    80 | D:2      | Reached skill level 4 in Axes
    92 | D:2      | Reached XP level 2. HP: 17/26 MP: 1/1
   125 | D:2      | Acquired Trog's second power
   172 | D:3      | Reached skill level 5 in Axes
   175 | D:3      | Found a blossoming altar of Fedhas.
   184 | D:3      | Noticed a scorpion
   190 | D:3      | Reached XP level 3. HP: 14/31 MP: 2/2
   282 | D:4      | Noticed Duvessa
   292 | D:4      | Killed Duvessa
   292 | D:4      | Reached skill level 6 in Axes
   292 | D:4      | Reached XP level 4. HP: 8/39 MP: 2/2
   292 | D:4      | Reached skill level 7 in Axes
   292 | D:4      | Reached XP level 5. HP: 9/45 MP: 2/2
   301 | D:4      | Noticed Grinder
   332 | D:4      | Killed Grinder
   332 | D:4      | Reached skill level 8 in Axes
   332 | D:4      | Reached XP level 6. HP: 49/51 MP: 3/3
   387 | D:5      | Entered Level 5 of the Dungeon
   478 | D:6      | Reached skill level 9 in Axes
   761 | D:7      | Reached XP level 7. HP: 59/59 MP: 3/3
   806 | D:7      | Found a sand-covered staircase.
   811 | Ossuary  | Entered an ossuary
   989 | D:8      | Reached skill level 5 in Fighting
   989 | D:8      | Reached skill level 10 in Axes
   990 | D:8      | Reached XP level 8. HP: 55/68 MP: 3/3
  1205 | D:9      | Noticed a moth of wrath
  1207 | D:9      | Found a bloodstained altar of Trog.
  1283 | D:9      | Noticed a troll
  1317 | D:9      | Killed a troll
  1558 | D:10     | Entered Level 10 of the Dungeon
  1577 | D:10     | Reached skill level 11 in Axes
  1580 | D:10     | Reached skill level 5 in Armour
  1580 | D:10     | Reached skill level 5 in Dodging
  1581 | D:10     | Reached XP level 9. HP: 34/75 MP: 4/4
  1583 | D:10     | Acquired Trog's third power
  1585 | D:10     | Reached skill level 12 in Axes
  1739 | D:10     | Slain by a wyvern

Action                   |  1- 3 |  4- 6 |  7- 9 || total
-------------------------+-------+-------+-------++-------
Melee: Hand axe          |    46 |    42 |    68 ||   156
       Battleaxe         |       |       |    83 ||    83
Invok: Trog's Hand       |     2 |     2 |     3 ||     7
       Berserk           |     2 |     2 |     3 ||     7
  Use: Scroll            |       |     5 |     2 ||     7
       Potion            |       |       |     1 ||     1
  Eat: Bread ration      |       |     1 |       ||     1
       Chunk             |       |       |     4 ||     4
       Royal jelly       |       |       |     1 ||     1
